 Dungeon Crawl Stone Soup version 0.20.0-10-g0535bb4 (webtiles) character file.

18873 Lexie the Basher (level 12, -1/75 HPs)
             Began as a Gargoyle Fighter on June 5, 2017.
             Was a High Priest of Okawaru.
             Killed by divine providence
             ... invoked by an orc priest
              (16 damage)
             ... on level 12 of the Dungeon.
             The game lasted 00:36:37 (15754 turns).

Lexie the Basher (Gargoyle Fighter)                Turns: 15754, Time: 00:36:38

Health: -1/75      AC: 25    Str: 26    XL:     12   Next: 63%
Magic:  16/18      EV: 13    Int: 14    God:    Okawaru [*****.]
Gold:   478        SH: 15    Dex: 16    Spells: 8/11 levels left

rFire    . . .     SeeInvis .   a - +0 flail
rCold    + . .     Gourm    +   c - +0 shield
rNeg     + . .     Faith    .   U - +2 scale mail "Asmoqiel" {rC+ Int+3}
rPois    ∞         Spirit   .   B - +0 helmet
rElec    +         Reflect  .   r - scarf {repulsion}
rCorr    .         Harm     .   F - +0 pair of gloves
MR       +....                  j - +1 pair of boots
Stlth    ++........             G - amulet of the gourmand
Regen    0.3/turn               K - ring of protection from magic
MPRegen  0.2/turn               g - ring of Yrphemu {Str+3 Dex+7}

@: heroism, repel missiles
A: negative energy resistance 1, electricity resistance, unbreathing,
petrification resistance, rot immunity, AC +8
a: Heroism, Finesse, Renounce Religion


You were on level 12 of the Dungeon.
You worshipped Okawaru.
Okawaru was extremely pleased with you.
You were completely stuffed.

You visited 2 branches of the dungeon, and saw 13 of its levels.

You collected 648 gold pieces.
You spent 170 gold pieces at shops.

Inventory:

Hand Weapons
 a - a +0 flail (weapon)
Armour
 c - a +0 shield (worn)
 j - a +1 pair of boots (worn)
 r - a scarf of repulsion (worn)
 B - a +0 helmet (worn)
 F - a +0 pair of gloves (worn)
 P - the +0 robe of the Catamount {rC+++ Str-4 Int+2 Dex+4, unknown}
   (Okawaru gifted it to you on level 11 of the Dungeon)

   It affects your strength (-4).
   It affects your intelligence (+2).
   It affects your dexterity (+4).
   It renders you almost immune to cold.
 U - the +2 scale mail "Asmoqiel" (worn) {rC+ Int+3}
   (You found it on level 10 of the Dungeon)

   It affects your intelligence (+3).
   It protects you from cold.
Jewellery
 g - the ring of Yrphemu (right hand) {Str+3 Dex+7}
   (You took it off an orc wizard on level 10 of the Dungeon)

   [ring of strength]

   It affects your strength (+3).
   It affects your dexterity (+7).
 p - an uncursed ring of positive energy
 v - an uncursed ring of fire
 x - an uncursed ring of wizardry
 G - an amulet of the gourmand (around neck)
 K - a ring of protection from magic (left hand)
 L - an uncursed ring of fire
 O - an uncursed ring of ice
 V - a +1 ring of evasion
 Y - an uncursed ring of magical power
 Z - an uncursed ring of resist corrosion
Wands
 b - a wand of clouds (9/9)
 u - a wand of flame (28/48)
 S - a wand of iceblast (7/15)
 T - a wand of flame (17/48)
 W - a wand of flame (37/48)
Scrolls
 e - 10 scrolls of remove curse
 h - 3 scrolls of fear {unknown}
 i - 5 scrolls of identify
 k - 3 scrolls of enchant armour
 m - 4 scrolls of teleportation {unknown}
 o - 2 scrolls of noise {unknown}
 s - a scroll of brand weapon {unknown}
 y - 3 scrolls of enchant weapon
 H - 4 scrolls of immolation {unknown}
 I - 2 scrolls of holy word {unknown}
 J - 2 scrolls of fog {unknown}
Potions
 d - 4 potions of lignification
 l - 3 potions of flight
 n - 2 potions of haste {unknown}
 q - 2 potions of resistance
 t - a potion of magic
 w - 2 potions of ambrosia
 z - a potion of heal wounds
 A - 2 potions of might
 N - 2 potions of mutation
 X - a potion of curing
Comestibles
 f - 6 bread rations
 C - 5 royal jellies
 D - 2 fruits
 Q - 5 meat rations


   Skills:
 + Level 8.6(13.6) Fighting
 * Level 14.0(19.0) Maces & Flails
 + Level 5.9(10.9) Armour
 - Level 10.4(15.4) Shields
 - Level 8.5 Invocations


You had 8 spell levels left.
You knew the following spells:

 Your Spells              Type           Power        Failure   Level  Hunger
a - Regeneration          Chrm/Necr      #.........   86%         3    ####...


Dungeon Overview and Level Annotations

Branches:
Dungeon (12/15)            Temple (1/1) D:4            Lair (0/6) D:10
    Orc (0/2) D:11

Altars:
Cheibriados
Dithmenos
Elyvilon
Makhleb
Okawaru
Qazlal
Ru
Uskayaw
Vehumet
Xom
Yredelemnul
Zin

Shops:
D:4 ?[%

Annotations:
D:3 Sigmund


Innate Abilities, Weirdness & Mutations

You are resistant to torment.
Your stone body is resilient. (AC +8)
You are immune to poison.
You resist negative energy. (rN+)
You are resistant to electric shocks. (rElec)
You can survive without breathing.
You are immune to petrification.
You are immune to rotting.


Message History

The orc priest hits you but does no damage.
The orc wizard casts a cantrip, but nothing happens.
The orc priest mumbles some strange prayers to Beogh against you.
Beogh smites you!
You are too injured to fight recklessly!
You gain the combat prowess of a mighty hero.
You block the orc wizard's attack. You block the orc priest's attack.
The orc wizard mumbles some strange words.
The orc wizard seems to speed up.
The orc priest completely misses you.
You barely miss the orc priest.
The orc wizard hits you but does no damage.
The orc priest calls down the wrath of Beogh upon you.
Beogh smites you!
The orc priest calls down the wrath of Beogh upon you.
Beogh smites you!
* * * LOW HITPOINT WARNING * * *
The orc priest misses you.
The orc priest invokes the aid of Beogh against you.
Beogh smites you!
You die...

# *#######** ** # *.......,*****,
# ####o......,**,,+, #
#########..ooo...[.,**,**,
########........@##o(.....,*,,**,
##.......#########*.......,,,***,
'..####### *.......,*** *, ####
*######.** *, # **,,* *, # *,>**
*, *,** ** ********** ****,****
**** *,,,,,,,,* *,,,,,,,* *,,,


You could see 2 orc priests and 2 orc wizards.

Vanquished Creatures
  Fannar (D:9)
  2 two-headed ogres
  An unseen horror (D:10)
  2 ugly things (D:11)
  A cyclops (D:10)
  A centaur zombie (D:8)
  2 gargoyles (D:12)
  3 kobold demonologists
  A merfolk (D:9)
  Grinder (D:3)
  7 hippogriffs
  A meliai zombie (D:11)
  A wyvern (D:10)
  3 hungry ghosts
  12 yaks
  A basilisk (D:8)
  Menkaure (D:7)
  A water moccasin (D:10)
  5 porcupines
  4 black bears
  An ice beast (D:10)
  4 sky beasts
  A phantom (D:9)
  An eye of draining (D:10)
  7 ogres
  3 orc warriors
  A necrophage (D:10)
  5 centaurs
  22 big kobolds
  8 bullfrogs
  A wyvern skeleton (D:9)
  3 scorpions
  A water moccasin zombie (D:10)
  14 killer bees
  12 wights
  6 electric eels
  A howler monkey (D:8)
  3 crimson imps
  7 jellies
  5 hounds
  A gnoll shaman (D:6)
  5 orc priests
  8 orc wizards
  2 bullfrog skeletons
  Jessica (D:2)
  4 centaur skeletons
  Ijyb (D:4)
  3 iguanas
  10 worker ants
  Terence (D:3)
  A killer bee zombie (D:8)
  2 hound zombies
  15 gnolls
  2 worker ant zombies
  9 adders
  3 shadow imps
  2 adder zombies
  2 adder skeletons
  A worm (D:3)
  3 dart slugs
  7 leopard geckos
  17 orcs
  3 ball pythons
  8 giant cockroaches
  30 goblins
  25 hobgoblins
  15 jackals
  9 quokkas
  A bat (D:1)
  6 frilled lizards
  33 kobolds
  A leopard gecko skeleton (D:4)
  8 rats
396 creatures vanquished.

Vanquished Creatures (others)
  25 fungi (D:10)
  4 plants
29 creatures vanquished.

Grand Total: 425 creatures vanquished

Notes
Turn   | Place    | Note
-------+----------+-------------------------------------------
     0 | D:1      | Lexie the Gargoyle Fighter began the quest for the Orb.
     0 | D:1      | Reached XP level 1. HP: 14/14 MP: 1/1
    37 | D:1      | Reached XP level 2. HP: 15/19 MP: 2/2
   400 | D:1      | Reached skill level 3 in Maces & Flails
   476 | D:1      | Reached XP level 3. HP: 18/23 MP: 3/3
  1011 | D:2      | Noticed Jessica
  1022 | D:2      | Killed Jessica
  1022 | D:2      | Reached skill level 4 in Maces & Flails
  1022 | D:2      | Reached XP level 4. HP: 23/28 MP: 4/4
  1675 | D:3      | Noticed Sigmund
  1676 | D:3      | Noticed a sky beast
  1700 | D:2      | Killed a sky beast
  1700 | D:2      | Reached XP level 5. HP: 30/32 MP: 5/5
  1809 | D:3      | Noticed Terence
  1819 | D:3      | Killed Terence
  1819 | D:3      | Reached skill level 5 in Maces & Flails
  1937 | D:3      | Reached XP level 6. HP: 37/37 MP: 6/6
  2083 | D:3      | Noticed Grinder
  2105 | D:3      | Paralysed by Grinder for 2 turns
  2112 | D:3      | Killed Grinder
  2112 | D:3      | Reached skill level 6 in Maces & Flails
  2112 | D:3      | Reached skill level 5 in Shields
  2112 | D:3      | Reached XP level 7. HP: 28/41 MP: 7/7
  2700 | D:4      | Noticed Ijyb
  2715 | D:4      | Killed Ijyb
  3027 | D:4      | Found Qoggainu's Food Shoppe.
  3036 | D:4      | Found Cecefifo's Armour Shoppe.
  3051 | D:4      | Found a staircase to the Ecumenical Temple.
  3078 | D:4      | HP: 2/41 [iguana (10)]
  3184 | Temple   | Entered the Ecumenical Temple
  3191 | Temple   | Became a worshipper of Warmaster Okawaru
  3549 | D:4      | Found Tetupt's Magic Scroll Boutique.
  3555 | D:4      | Reached skill level 7 in Maces & Flails
  3587 | D:4      | Bought a scroll of identify for 20 gold pieces
  3587 | D:4      | Bought a scroll of enchant armour for 75 gold pieces
  3587 | D:4      | Bought a scroll of enchant weapon for 75 gold pieces
  3695 | D:5      | Entered Level 5 of the Dungeon
  3780 | D:5      | Reached skill level 1 in Invocations
  4027 | D:5      | Found a burning altar of Makhleb.
  4121 | D:5      | Noticed a two-headed ogre
  4197 | D:6      | Reached XP level 8. HP: 46/46 MP: 7/9
  4226 | D:6      | Reached * piety under Okawaru
  4549 | D:6      | Reached skill level 8 in Maces & Flails
  4881 | D:6      | Identified Cethaes's Incunabulum of Good Luck and Translocation
  5240 | D:6      | Reached ** piety under Okawaru
  5590 | D:6      | Reached skill level 9 in Maces & Flails
  5590 | D:6      | Reached XP level 9. HP: 51/51 MP: 11/11
  6618 | D:5      | HP: 1/51 [two-headed ogre/giant club (11)]
  6620 | D:5      | Killed a two-headed ogre
  6620 | D:5      | Reached *** piety under Okawaru
  6825 | D:5      | Reached skill level 10 in Maces & Flails
  7538 | D:7      | Reached skill level 5 in Invocations
  7894 | D:7      | Reached **** piety under Okawaru
  7894 | D:7      | Reached XP level 10. HP: 37/56 MP: 14/14
  8363 | D:7      | Noticed Menkaure
  8369 | D:7      | Killed Menkaure
  9037 | D:8      | Reached skill level 11 in Maces & Flails
  9171 | D:8      | Reached ***** piety under Okawaru
  9345 | D:8      | Reached skill level 5 in Fighting
 10379 | D:9      | Noticed a kobold demonologist
 10389 | D:9      | Killed a kobold demonologist
 10447 | D:9      | Reached XP level 11. HP: 38/64 MP: 11/16
 11033 | D:9      | Reached skill level 12 in Maces & Flails
 11754 | D:10     | Entered Level 10 of the Dungeon
 12037 | D:10     | Received a gift from Okawaru
 12058 | D:10     | Learned a level 3 spell: Regeneration
 12268 | D:10     | Noticed a cyclops
 12284 | D:10     | Killed a cyclops
 12284 | D:10     | Reached skill level 10 in Shields
 12406 | D:10     | Noticed Fannar
 12524 | D:9      | HP: 1/66 [Fannar/Ozocubu's Refrigeration (23)]
 12525 | D:9      | Killed Fannar
 13287 | D:10     | Got a heavily runed scale mail
 13298 | D:10     | Identified the +2 scale mail "Asmoqiel" {rC+ Int+3} (You found it on level 10 of the Dungeon)
 13591 | D:10     | Got a coiled lapis lazuli ring
 13594 | D:10     | Identified the ring of Yrphemu {Str+3 Dex+7} (You took it off an orc wizard on level 10 of the Dungeon)
 13665 | D:10     | Found a staircase to the Lair.
 14141 | D:11     | Reached skill level 13 in Maces & Flails
 14314 | D:11     | Reached XP level 12. HP: 70/72 MP: 18/18
 14552 | D:11     | Noticed a sun demon
 14565 | D:11     | Noticed a soul eater
 14567 | D:11     | Found a staircase to the Orcish Mines.
 14770 | D:11     | Received a gift from Okawaru
 14779 | D:11     | Got a creamy pearl robe {god gift}
 14837 | D:11     | Reached skill level 5 in Armour
 14985 | D:11     | Noticed a two-headed ogre
 14994 | D:11     | Killed a two-headed ogre
 15405 | D:12     | Identified a scroll of acquirement
 15507 | D:12     | Reached skill level 14 in Maces & Flails
 15754 | D:12     | Killed from afar by an orc priest

Skill      XL: |  1  2  3  4  5  6  7  8  9 10 11 12 |
---------------+-------------------------------------+-----
Maces & Flails | 3 4 5 6 7 9 10 11 13 14 | 14.0
Shields        | 4 5 6 7 8 9 10 | 10.4
Invocations    | 1 3 5 7 8 |  8.5
Fighting       | 5 7 8 |  8.6
Armour         | 5 |  5.9

Action                   |  1- 3 |  4- 6 |  7- 9 | 10-12 || total
-------------------------+-------+-------+-------+-------++-------
Melee: Flail             |   126 |   121 |   683 |  1362 ||  2292
Invok: Heroism           |       |       |     5 |    20 ||    25
       Finesse           |       |       |       |     3 ||     3
Evoke: Wand              |       |       |     1 |       ||     1
  Use: Potion            |       |       |     3 |     1 ||     4
       Scroll            |       |       |     8 |     8 ||    16
  Eat: Chunk             |     1 |     3 |    16 |    44 ||    64
       Bread ration      |       |       |     1 |       ||     1
       Fruit             |       |       |     1 |       ||     1
Armor: Scale mail        |    66 |    27 |   314 |   583 ||   990
       Ring mail         |       |    22 |    43 |       ||    65
Dodge: Dodged            |    37 |    33 |   270 |   378 ||   718
       Deflected         |       |       |       |     7 ||     7
Block: Shield            |    59 |    59 |   432 |   897 ||  1447
